[Event "Titled Tuesday Blitz November 22 Early 2022"]
[White "Pajeken, Jakob Leon"]
[Black "Stijve, Theo"]
[WhiteFideId "12942839"]
[BlackFideId "1331132"]
[WhiteElo "2429"]
[BlackElo "2256"]
[Result "0-1"]
[Round "08"]
[TimeControl "180+1"]
[Date "2022.11.23"]
[WhiteClock "0:01:01"]
[BlackClock "0:00:18"]

1. d4 d5 2. Nf3 Nf6 3. Bf4 c5 4. e3 Nc6 5. Nbd2 cxd4 6. exd4 Qb6 7. Nb3 Bf5 8. Bd3 Bxd3 9. Qxd3 e6 10. O-O Be7 11. c3 O-O 12. Rfe1 a5 13. Qe2 a4 14. Nc1 Ne4 15. a3 Na5 16. Nd3 Nc4 17. Nfe5 Qb5 18. Nb4 Ned6 19. Ng4 Nb6 20. Nh6+ gxh6 21. Qg4+ Kh8 22. Bxh6 Rg8 23. Qf4 Nbc4 24. Re5 Rg6 25. Nxd5 Nxe5 26. Qxe5+ f6 27. Qxe6 Rxh6 28. Nxe7 Re8 29. Qxd6 Qe2 30. h3 Qxe7 31. Qf4 Rg6 32. Rd1 Reg8 33. g3 Re8 34. d5 Qe4 35. Qc7 Rg7 36. Qd6 Qf3 37. Rf1 Rge7 38. Qb4 Re1 39. Qd4 Rxf1+ 40. Kxf1 Qh1# 0-1


[Site "https://www.chess.com"]

[Event "Titled Tuesday Blitz November 22 Early 2022"]
[White "Paravyan, David"]
[Black "Seo, Jung Min"]
[WhiteFideId "4194985"]
[BlackFideId "1734687"]
[WhiteElo "2546"]
[BlackElo "2455"]
[Result "1-0"]
[Round "08"]
[TimeControl "180+1"]
[Date "2022.11.22"]
[WhiteClock "0:00:04"]
[BlackClock "0:00:06"]

1. e4 e5 2. Nf3 Nc6 3. Nc3 Nf6 4. d4 exd4 5. Nxd4 Bb4 6. Nxc6 bxc6 7. Bd3 O-O 8. O-O d5 9. exd5 cxd5 10. h3 c6 11. Re1 Re8 12. Bg5 Rxe1+ 13. Qxe1 Be6 14. Bxf6 gxf6 15. Qe3 Qf8 16. Ne2 Bc5 17. Nd4 Bxd4 18. Qxd4 Qg7 19. Qh4 f5 20. Qb4 Qe5 21. Re1 Rb8 22. Rxe5 Rxb4 23. b3 Kg7 24. c3 Rb8 25. f4 Kf6 26. Kf2 h6 27. b4 c5 28. bxc5 Rc8 29. Ke3 Rxc5 30. c4 Ra5 31. g3 Rxa2 32. cxd5 Bd7 33. Kd4 Ra4+ 34. Kc5 Ra3 35. Kd4 Ra4+ 36. Kc5 Ra3 37. Bc4 Rxg3 38. Kd6 Bc8 39. Re8 Bb7 40. Rb8 Rc3 41. Bb5 Bxd5 42. Kxd5 Rxh3 43. Bc6 Rf3 44. Rb4 h5 45. Kd6 Rf2 46. Bd5 h4 47. Ra4 h3 48. Rxa7 Rxf4 49. Rxf7+ Kg5 50. Ke5 Rh4 51. Rg7+ Kh6 52. Rg1 h2 53. Rf1 f4 54. Kf5 Kg7 55. Bf3 Kf8 56. Kg5 Rh8 57. Kxf4 Ke7 58. Kg3 Kf6 59. Bg2+ Kg5 60. Bh3 Rb8 61. Rf5+ Kg6 62. Rf1 Rb2 63. Bg2 h1=Q 64. Bxh1 Kg5 65. Be4 Rb3+ 66. Bf3 Rc3 67. Rb1 Kf5 68. Rb5+ Ke6 69. Kf4 Kd6 70. Rd5+ Kc7 71. Be4 Kb6 72. Rd8 Kc5 73. Ke5 Kb4 74. Bd3 Rc7 75. Kd4 Rb7 76. Rc8 Rb6 77. Be4 Kb3 78. Bd5+ Kb2 79. Kd3 Rb5 80. Rc2+ Ka3 81. Bc4 Rb6 82. Kd4 Kb4 83. Rb2+ Ka5 84. Ra2+ Kb4 85. Bd5 Rh6 86. Rb2+ Ka3 87. Rb3+ Ka4 88. Kc5 Rh5 89. Rb2 Rh3 90. Rb8 Ka3 91. Rb7 Rg3 92. Kd4 Rh3 93. Bc4 Rg3 94. Bd3 Ka2 95. Kc3 1-0


[Site "https://www.chess.com"]

[Event "Titled Tuesday Blitz November 22 Early 2022"]
[White "Piesik, Piotr"]
[Black "Rottenwohrer Suarez, Juan"]
[WhiteFideId "1136194"]
[BlackFideId "32068182"]
[WhiteElo "2316"]
[BlackElo "2195"]
[Result "1-0"]
[Round "08"]
[TimeControl "180+1"]
[Date "2022.11.23"]
[WhiteClock "0:00:55"]
[BlackClock "0:00:08"]

1. Nf3 Nf6 2. g3 g6 3. Bg2 Bg7 4. O-O b6 5. c4 Bb7 6. Nc3 O-O 7. d3 c5 8. e4 d6 9. Ne1 Nc6 10. f4 Nd4 11. Be3 Ne8 12. Ne2 Nxe2+ 13. Qxe2 a6 14. g4 b5 15. Rd1 Rb8 16. f5 Ba8 17. b3 a5 18. g5 a4 19. h4 bxc4 20. bxc4 Rb2 21. Rd2 a3 22. h5 Nc7 23. Bh3 Bc3 24. Rc2 Na6 25. hxg6 hxg6 26. fxg6 fxg6 27. Be6+ Kg7 28. Qh2 Rxf1+ 29. Kxf1 Qf8+ 30. Kg1 Qh8 31. Qxh8+ Kxh8 32. Rxc3 Rxa2 33. Nc2 Nb4 34. Rxa3 Rxc2 35. Rxa8+ Kh7 36. d4 Nd3 37. dxc5 dxc5 38. Rd8 Ne5 39. Rf8 Re2 40. Bxc5 Rxe4 41. Bxe7 Nxc4 42. Bf6 Rxe6 43. Rh8# 1-0


[Site "https://www.chess.com"]

[Event "Titled Tuesday Blitz November 22 Early 2022"]
[White "Principe, Gerson"]
[Black "Vakhlamov, Igor L."]
[WhiteFideId "3804550"]
[BlackFideId "24126748"]
[WhiteElo "2280"]
[BlackElo "2401"]
[Result "1-0"]
[Round "08"]
[TimeControl "180+1"]
[Date "2022.11.23"]
[WhiteClock "0:00:07"]
[BlackClock "0:00:09"]

1. d4 d5 2. Nf3 Nf6 3. e3 e6 4. c4 c5 5. cxd5 exd5 6. Be2 Nc6 7. O-O cxd4 8. Nxd4 Bc5 9. Nxc6 bxc6 10. Qc2 Qd6 11. b3 O-O 12. Bb2 Bb6 13. Nd2 Re8 14. Rac1 Bd7 15. Rfd1 Ng4 16. Nf1 Rac8 17. Qc3 Qh6 18. h3 Nf6 19. Bf3 Ne4 20. Qc2 Re6 21. Bg4 Re7 22. Rxd5 Bxg4 23. hxg4 Nxf2 24. Qxf2 Rxe3 25. Bd4 Ree8 26. Rd7 Qxc1 27. Qxf7+ Kh8 28. Qxg7# 1-0


[Site "https://www.chess.com"]

[Event "Titled Tuesday Blitz November 22 Early 2022"]
[White "Pultinevicius, Paulius"]
[Black "Korchmar, Vasiliy"]
[WhiteFideId "12809390"]
[BlackFideId "24131750"]
[WhiteElo "2493"]
[BlackElo "2370"]
[Result "1-0"]
[Round "08"]
[TimeControl "180+1"]
[Date "2022.11.22"]
[WhiteClock "0:01:36"]
[BlackClock "0:00:01"]

1. c3 d5 2. d4 Nf6 3. Bf4 c5 4. dxc5 e6 5. b4 a5 6. a3 axb4 7. cxb4 b6 8. Bxb8 Rxb8 9. cxb6 Ne4 10. Nf3 Qxb6 11. e3 Be7 12. Bd3 Bf6 13. Ra2 Nc3 14. Nxc3 Bxc3+ 15. Nd2 d4 16. O-O dxe3 17. Nc4 exf2+ 18. Raxf2 Qd4 19. Nd6+ Ke7 20. Nxf7 Rf8 21. Kh1 Bb7 22. Qe2 Rbd8 23. Ng5 Bd5 24. Rf7+ Rxf7 25. Rxf7+ Kd6 26. Ne4+ Bxe4 27. Bxe4 Bd2 28. Qa6+ Ke5 29. Bxh7 Qa1+ 30. Rf1 Qc3 31. Qa5+ Rd5 32. Qa7 Qc4 33. Qxg7+ 1-0


[Site "https://www.chess.com"]

[Event "Titled Tuesday Blitz November 22 Early 2022"]
[White "Rakhmanov, Aleksandr"]
[Black "Sarana, Alexey"]
[WhiteFideId "4173708"]
[BlackFideId "24133795"]
[WhiteElo "2530"]
[BlackElo "2708"]
[Result "0-1"]
[Round "08"]
[TimeControl "180+1"]
[Date "2022.11.22"]
[WhiteClock "0:00:05"]
[BlackClock "0:00:41"]

1. d4 d5 2. c4 e6 3. Nc3 Nf6 4. cxd5 exd5 5. Bg5 Be7 6. e3 Bg4 7. Qb3 Nbd7 8. Nge2 c5 9. Bxf6 Nxf6 10. dxc5 O-O 11. h3 Be6 12. Nd4 Bxc5 13. Rd1 a6 14. Be2 b5 15. O-O Qb6 16. Bf3 Rad8 17. Nce2 Nd7 18. Bxd5 Bxd4 19. Bxe6 Nc5 20. Bxf7+ Rxf7 21. Qc2 Bf6 22. Rxd8+ Bxd8 23. b4 Ne6 24. Rd1 Bh4 25. g3 Be7 26. a3 h6 27. h4 Qb7 28. Nd4 Qd5 29. Qc8+ Nf8 30. Qg4 g6 31. Qe2 h5 32. Qd3 Qa2 33. Qd2 Qxd2 34. Rxd2 Bf6 35. Nb3 Rd7 36. Rc2 Rd3 37. Nc5 Rxa3 38. Ne4 Be7 39. Rc7 Kf7 40. Ng5+ Ke8 41. Ne4 Ne6 42. Rb7 Ra4 43. Ra7 Rxb4 44. Nc3 Nc5 45. Nd5 Rb1+ 46. Kg2 Bd8 47. Nf4 b4 48. Nxg6 b3 49. Ne5 b2 50. Nc4 Rg1+ 51. Kxg1 b1=Q+ 52. Kh2 Ne4 0-1


[Site "https://www.chess.com"]

[Event "Titled Tuesday Blitz November 22 Early 2022"]
[White "Ravot, Sylvain"]
[Black "Roque Sola, Gisela"]
[WhiteFideId "627763"]
[BlackFideId "5120241"]
[WhiteElo "2195"]
[BlackElo "1961"]
[Result "1-0"]
[Round "08"]
[TimeControl "180+1"]
[Date "2022.11.23"]
[WhiteClock "0:01:39"]
[BlackClock "0:01:21"]

1. e4 e6 2. d4 d5 3. Nd2 c5 4. exd5 Qxd5 5. dxc5 Bxc5 6. Ngf3 Nf6 7. Bc4 Qd8 8. O-O O-O 9. Qe2 Nc6 10. Nb3 Bb6 11. Bg5 Qe7 12. Rfe1 a5 13. a4 Bd7 14. c3 Rad8 15. Nbd2 h6 16. Bh4 g5 17. Nxg5 hxg5 18. Bxg5 e5 19. Ne4 1-0


[Site "https://www.chess.com"]

[Event "Titled Tuesday Blitz November 22 Early 2022"]
[White "Reprintsev, Alexander"]
[Black "Fathy, Elameir"]
[WhiteFideId "14100541"]
[BlackFideId "10600396"]
[WhiteElo "2230"]
[BlackElo "2311"]
[Result "1-0"]
[Round "08"]
[TimeControl "180+1"]
[Date "2022.11.23"]
[WhiteClock "0:01:54"]
[BlackClock "0:01:11"]

1. e4 c5 2. b3 g6 3. Bb2 Nf6 4. e5 Nd5 5. Nc3 Nxc3 6. dxc3 d5 7. exd6 Qxd6 8. Qxd6 exd6 9. c4 Rg8 10. O-O-O Nc6 11. Ne2 Be6 12. g3 O-O-O 13. Bg2 Kc7 14. Rhe1 h5 15. h4 Bh6+ 16. f4 Rge8 17. Bf6 Rd7 18. Nc3 Rg8 19. Nb5+ 1-0


[Site "https://www.chess.com"]

[Event "Titled Tuesday Blitz November 22 Early 2022"]
[White "Rose, Felix"]
[Black "Petrova, Irina"]
[WhiteFideId "5105722"]
[BlackFideId "14124122"]
[WhiteElo "2039"]
[BlackElo "2023"]
[Result "1/2-1/2"]
[Round "08"]
[TimeControl "180+1"]
[Date "2022.11.23"]
[WhiteClock "0:00:19"]
[BlackClock "0:00:18"]

1. d4 d6 2. e4 Nf6 3. Nc3 e5 4. dxe5 dxe5 5. Qxd8+ Kxd8 6. Bc4 Ke8 7. Bg5 c6 8. a4 Be6 9. Bxe6 fxe6 10. f3 Nbd7 11. Be3 Bc5 12. Bxc5 Nxc5 13. b4 Ncd7 14. a5 Ke7 15. Na4 b5 16. Nb2 c5 17. c3 cxb4 18. cxb4 a6 19. Ne2 Rac8 20. Rc1 Rxc1+ 21. Nxc1 Rc8 22. Kd2 Ne8 23. Nb3 Nd6 24. Rc1 Rxc1 25. Kxc1 Kd8 26. Nd3 Nc4 27. Nbc5 Nb8 28. Nxe6+ Ke7 29. Nxg7 Kf6 30. Nf5 Nc6 31. Kc2 h5 32. Kc3 Kg5 33. h4+ Kf6 34. Nc5 Nb8 35. g4 hxg4 36. fxg4 Kg6 37. Ne7+ Kf7 38. Nd5 Nd6 39. g5 Kg6 40. Kd3 Kh5 41. Nf6+ Kg6 42. Ne6 Nc6 43. h5+ Kf7 44. h6 Nxb4+ 45. Kc3 Kxe6 46. Kxb4 Nf7 47. g6 Nxh6 48. Ne8 Kd7 49. Nf6+ Ke6 50. Ne8 Kd7 51. Nf6+ Ke6 1/2-1/2


[Site "https://www.chess.com"]

[Event "Titled Tuesday Blitz November 22 Early 2022"]
[White "Rosenberg, Evan S"]
[Black "Al-Tarboush, Ward"]
[WhiteFideId "2019299"]
[BlackFideId "7601450"]
[WhiteElo "2362"]
[BlackElo "2273"]
[Result "1-0"]
[Round "08"]
[TimeControl "180+1"]
[Date "2022.11.23"]
[WhiteClock "0:01:01"]
[BlackClock "0:00:10"]

1. d4 Nf6 2. Nf3 d5 3. c3 c5 4. dxc5 Nc6 5. b4 Bg4 6. e3 e5 7. Be2 e4 8. Nd4 Bxe2 9. Nxc6 bxc6 10. Qxe2 Be7 11. O-O O-O 12. a4 Nd7 13. Ba3 f5 14. Nd2 Ne5 15. Rad1 g5 16. c4 f4 17. exf4 gxf4 18. cxd5 cxd5 19. Nxe4 f3 20. gxf3 Nxf3+ 21. Kh1 Qe8 22. Rg1+ Nxg1 23. Rxg1+ Kh8 24. Qb2+ Bf6 25. Nxf6 Qd8 26. Nxd5+ 1-0


[Site "https://www.chess.com"]

[Event "Titled Tuesday Blitz November 22 Early 2022"]
[White "Rosh Jain"]
[Black "Gonzalez Vega, Alejandro"]
[WhiteFideId "25789465"]
[BlackFideId "3510042"]
[WhiteElo "2233"]
[BlackElo "2281"]
[Result "1/2-1/2"]
[Round "08"]
[TimeControl "180+1"]
[Date "2022.11.23"]
[WhiteClock "0:00:25"]
[BlackClock "0:00:06"]

1. e4 c5 2. Nf3 a6 3. d4 cxd4 4. Nxd4 Nf6 5. Bd3 e5 6. Nf5 d5 7. Ng3 dxe4 8. Nxe4 Nxe4 9. Bxe4 Qxd1+ 10. Kxd1 Bc5 11. Ke2 O-O 12. Nc3 Nc6 13. Be3 Nd4+ 14. Ke1 Be6 15. Rd1 Rfd8 16. Rd2 f5 17. Bxb7 Ra7 18. Bf3 e4 19. Be2 Raa8 20. Na4 Ba7 21. b3 h6 22. h4 a5 23. Kd1 Nxe2 24. Kxe2 Bxe3 25. fxe3 Rxd2+ 26. Kxd2 Rd8+ 27. Kc1 Rc8 28. Rd1 Kf7 29. Nb6 Rc6 30. Na4 g5 31. Nb2 f4 32. hxg5 hxg5 33. Rf1 Kg6 34. exf4 g4 35. Re1 Kf5 36. g3 Rc3 37. Rg1 Rf3 38. Nd1 e3 39. Nc3 Rf2 40. Kd1 Rd2+ 41. Kc1 Rf2 42. Nd1 Rf3 43. Nc3 Rf2 1/2-1/2


[Site "https://www.chess.com"]

[Event "Titled Tuesday Blitz November 22 Early 2022"]
[White "Safin, Robert"]
[Black "Zanette, Edgard Vinicius"]
[WhiteFideId "34189120"]
[BlackFideId "2109263"]
[WhiteElo "2253"]
[BlackElo "2211"]
[Result "1-0"]
[Round "08"]
[TimeControl "180+1"]
[Date "2022.11.23"]
[WhiteClock "0:02:01"]
[BlackClock "0:01:55"]

1. e4 c5 2. c3 d5 3. exd5 Qxd5 4. d4 Nc6 5. Nf3 Bg4 6. Be2 e6 7. h3 Bh5 8. O-O cxd4 9. cxd4 Bd6 10. Nc3 Qa5 11. d5 exd5 12. Nd4 Bg6 13. Ndb5 O-O-O 14. Nxd5 Nge7 15. Nxd6+ Rxd6 16. Nxe7+ Kc7 17. Bf4 1-0


[Site "https://www.chess.com"]

[Event "Titled Tuesday Blitz November 22 Early 2022"]
[White "Samunenkov, Ihor"]
[Black "Winterberg, Lukas"]
[WhiteFideId "14187086"]
[BlackFideId "24622702"]
[WhiteElo "2441"]
[BlackElo "2349"]
[Result "1-0"]
[Round "08"]
[TimeControl "180+1"]
[Date "2022.11.23"]
[WhiteClock "0:01:08"]
[BlackClock "0:00:45"]

1. d4 Nf6 2. c4 e6 3. Nc3 d5 4. cxd5 exd5 5. Bg5 c6 6. Qc2 h6 7. Bh4 Be7 8. e3 O-O 9. Bd3 Re8 10. Nf3 Ne4 11. Bxe4 Bxh4 12. Bh7+ Kf8 13. Bd3 Nd7 14. O-O Be7 15. Rab1 a5 16. a3 Bd6 17. b4 axb4 18. axb4 Nf6 19. b5 Bg4 20. bxc6 bxc6 21. Nd2 Bc7 22. Bf5 Qd6 23. g3 g6 24. Bxg4 Nxg4 25. Nf3 Qf6 26. Qe2 Ra3 27. Rfc1 Ba5 28. Nd1 h5 29. h3 Nh6 30. Ne5 Re6 31. Nd7+ 1-0


[Site "https://www.chess.com"]

[Event "Titled Tuesday Blitz November 22 Early 2022"]
[White "Sargissyan, Sargis"]
[Black "Aarav Dengla"]
[WhiteFideId "13303210"]
[BlackFideId "45059756"]
[WhiteElo "2109"]
[BlackElo "2261"]
[Result "1-0"]
[Round "08"]
[TimeControl "180+1"]
[Date "2022.11.23"]
[WhiteClock "0:01:01"]
[BlackClock "0:00:12"]

1. e4 c5 2. Nf3 d6 3. d4 cxd4 4. Nxd4 Nf6 5. Nc3 a6 6. Bg5 e6 7. f4 h6 8. Bh4 Be7 9. Qf3 Nbd7 10. O-O-O g5 11. fxg5 hxg5 12. Bxg5 Ne5 13. Qe2 Nxe4 14. Nxe4 Bxg5+ 15. Kb1 Be7 16. Nf3 Nxf3 17. Qxf3 d5 18. Be2 Qc7 19. Nf6+ Bxf6 20. Qxf6 Rg8 21. Bh5 Qe7 22. Qf3 Bd7 23. Rhf1 Rg7 24. Qc3 Rh7 25. Rxf7 Rxf7 26. Qh8+ Qf8 27. Bxf7+ Ke7 28. Qh4+ Kd6 29. Qf6 Qe7 30. Rxd5+ Kxd5 31. Qxe7 Bc8 32. Qd8+ Ke5 33. h4 a5 34. h5 Kf4 35. h6 e5 36. h7 e4 37. h8=Q e3 38. Qh6+ Kg3 39. Qxe3+ Kh2 40. Qh4+ 1-0


[Site "https://www.chess.com"]

[Event "Titled Tuesday Blitz November 22 Early 2022"]
[White "Sariego Figueredo, Wilfredo"]
[Black "Lauridsen, Jesper Morch"]
[WhiteFideId "3500080"]
[BlackFideId "1401890"]
[WhiteElo "2309"]
[BlackElo "2234"]
[Result "1/2-1/2"]
[Round "08"]
[TimeControl "180+1"]
[Date "2022.11.23"]
[WhiteClock "0:00:05"]
[BlackClock "0:00:07"]

1. d4 Nf6 2. Bf4 d6 3. Nc3 a6 4. e4 b5 5. Bd3 Bb7 6. d5 c6 7. dxc6 Nxc6 8. f3 g6 9. Nge2 Qb6 10. Bg5 Ne5 11. a3 Bg7 12. Nf4 Qe3+ 13. Qe2 Nxd3+ 14. cxd3 Qxe2+ 15. Kxe2 e6 16. g3 h6 17. Bxf6 Bxf6 18. Ng2 Rc8 19. Rac1 Kd7 20. Ne3 Rc7 21. f4 Rhc8 22. Kd2 Bd4 23. Rc2 a5 24. Rhc1 b4 25. axb4 axb4 26. Ncd1 Ba6 27. b3 h5 28. Nc4 d5 29. Ne5+ Bxe5 30. fxe5 Rxc2+ 31. Rxc2 Rxc2+ 32. Kxc2 dxe4 33. dxe4 Ke7 34. Ne3 f6 35. exf6+ Kxf6 36. Nc4 e5 37. Kd3 g5 38. h4 gxh4 39. gxh4 Ke6 40. Kc2 Bxc4 41. bxc4 Kd6 42. Kb2 Kc6 43. Kc2 Kb6 44. Kb2 Kc6 45. Kc2 Kb6 46. Kb2 Kc6 1/2-1/2


[Site "https://www.chess.com"]

[Event "Titled Tuesday Blitz November 22 Early 2022"]
[White "Seletsky, Grigory"]
[Black "Mesa Cruz, Juan Carlos"]
[WhiteFideId "14112191"]
[BlackFideId "6423400"]
[WhiteElo "2492"]
[BlackElo "2059"]
[Result "1-0"]
[Round "08"]
[TimeControl "180+1"]
[Date "2022.11.23"]
[WhiteClock "0:00:15"]
[BlackClock "0:00:01"]

1. e4 c5 2. Nc3 Nc6 3. d3 g6 4. Be3 b6 5. d4 cxd4 6. Bxd4 Nxd4 7. Qxd4 Nf6 8. e5 Nh5 9. O-O-O Bh6+ 10. Kb1 Ng7 11. Bc4 O-O 12. f4 Nf5 13. Qe4 Rb8 14. Nge2 Bb7 15. Bd5 Bxd5 16. Nxd5 d6 17. g4 Nh4 18. g5 Bg7 19. exd6 exd6 20. Nd4 Re8 21. Qd3 Rc8 22. c4 Qd7 23. h3 Nf5 24. Nxf5 Qxf5 25. Qxf5 gxf5 26. Rhe1 Kf8 27. b3 Re6 28. Kc2 Rce8 29. Kd2 Re4 30. Rxe4 Rxe4 31. Re1 Rd4+ 32. Ke3 h6 33. h4 hxg5 34. hxg5 Re4+ 35. Kf2 Rd4 36. Re2 Rd1 37. Ne3 Rh1 38. Nxf5 Rh2+ 39. Kf3 Rh1 40. Nxd6 Rf1+ 41. Kg2 1-0


[Site "https://www.chess.com"]

[Event "Titled Tuesday Blitz November 22 Early 2022"]
[White "Shapiro, Daniel"]
[Black "Johnson, Ben"]
[WhiteFideId "2001780"]
[BlackFideId "2010917"]
[WhiteElo "2304"]
[BlackElo "2146"]
[Result "1-0"]
[Round "08"]
[TimeControl "180+1"]
[Date "2022.11.23"]
[WhiteClock "0:00:31"]
[BlackClock "0:00:01"]

1. d4 Nf6 2. c4 e6 3. g3 d5 4. Nf3 dxc4 5. Bg2 c5 6. Qa4+ Bd7 7. Qxc4 b5 8. Qc2 c4 9. a4 Qc8 10. axb5 Bxb5 11. O-O Nbd7 12. Na3 Bxa3 13. Rxa3 a6 14. Bf4 O-O 15. Bd6 Rd8 16. Re1 Nf8 17. Bb4 Nd5 18. Ba5 Rd7 19. Ne5 Re7 20. e4 Nf6 21. Rc3 Rb8 22. Nxc4 Qd7 23. Rd1 Rc8 24. Ne5 Rxc3 25. Bxc3 Qc8 26. h3 Rc7 27. Kh2 N8d7 28. f4 Nb6 29. Qf2 Na4 30. Ba5 Rc2 31. Rd2 Rxd2 32. Qxd2 1-0


[Site "https://www.chess.com"]

[Event "Titled Tuesday Blitz November 22 Early 2022"]
[White "Sharifov, Mekhriddin"]
[Black "Urazayev, Arystanbek"]
[WhiteFideId "14701545"]
[BlackFideId "13709810"]
[WhiteElo "2109"]
[BlackElo "2441"]
[Result "0-1"]
[Round "08"]
[TimeControl "180+1"]
[Date "2022.11.22"]
[WhiteClock "0:00:01"]
[BlackClock "0:00:13"]

1. e4 c5 2. Nf3 Nc6 3. d4 cxd4 4. Nxd4 e6 5. Nc3 a6 6. Be3 Nf6 7. Qd2 Bb4 8. f3 d5 9. a3 Bxc3 10. Qxc3 dxe4 11. O-O-O Nd5 12. Nxc6 bxc6 13. Qxg7 Qf6 14. Qxf6 Nxf6 15. Bd4 Ke7 16. Bc5+ Ke8 17. Bd4 Ke7 18. fxe4 Rg8 19. Be2 Nd7 20. e5 c5 21. Bf3 Rb8 22. Bc3 Bb7 23. Rd6 Bxf3 24. gxf3 f6 25. Rhd1 Nxe5 26. Rxa6 Kf7 27. f4 Nf3 28. Ra7+ Kg6 29. h3 Kf5 30. Rxh7 Kxf4 31. Bxf6 e5 32. Be7 Rbc8 33. Rf7+ Ke4 34. Rf1 Nd4 35. Re1+ Kd5 36. Bf6 Rce8 37. Rd7+ Kc6 38. Rh7 Rg2 39. c3 Nf3 40. Rd1 e4 41. Rh6 Kb5 42. b3 Re6 43. c4+ Kc6 44. Bg7 Rgg6 45. Rxg6 Rxg6 46. Bc3 e3 47. Kc2 e2 48. Rb1 Rd6 49. b4 Re6 50. b5+ Kb6 51. Be1 Re3 52. a4 Ra3 53. a5+ Kc7 54. a6 Kb6 55. h4 Nd4+ 56. Kd2 Rh3 57. Ra1 Nb3+ 58. Kxe2 Nxa1 0-1


[Site "https://www.chess.com"]

[Event "Titled Tuesday Blitz November 22 Early 2022"]
[White "Shimanov, Aleksandr"]
[Black "Xiong, Jeffery"]
[WhiteFideId "4198603"]
[BlackFideId "2047640"]
[WhiteElo "2605"]
[BlackElo "2725"]
[Result "0-1"]
[Round "08"]
[TimeControl "180+1"]
[Date "2022.11.22"]
[WhiteClock "0:00:01"]
[BlackClock "0:00:37"]

1. e4 c5 2. Nf3 g6 3. d4 cxd4 4. Nxd4 Nc6 5. Nc3 Bg7 6. Nxc6 bxc6 7. Bc4 Qc7 8. O-O Rb8 9. Bb3 Nf6 10. Bg5 O-O 11. Qd2 d6 12. Rfe1 Re8 13. Rad1 Nd7 14. Qf4 Ne5 15. Qh4 a5 16. f4 Ng4 17. f5 Qa7+ 18. Kf1 Ba6+ 19. Ne2 Ne3+ 20. Bxe3 Qxe3 21. Qf2 Qxf2+ 22. Kxf2 Bxb2 23. Rb1 Be5 24. Ng1 Bc3 25. Red1 Rb4 26. Nf3 a4 27. Bxf7+ Kxf7 28. Ng5+ Kg8 29. Rxb4 Bxb4 30. Ne6 Bc4 31. Rb1 Rb8 32. Kf3 Bxa2 33. Ra1 Bxe6 0-1


[Site "https://www.chess.com"]

[Event "Titled Tuesday Blitz November 22 Early 2022"]
[White "Shuvalov, Evgenij"]
[Black "Pranav, V"]
[WhiteFideId "4187237"]
[BlackFideId "25060783"]
[WhiteElo "2049"]
[BlackElo "2430"]
[Result "0-1"]
[Round "08"]
[TimeControl "180+1"]
[Date "2022.11.23"]
[WhiteClock "0:00:01"]
[BlackClock "0:00:08"]

1. d4 Nf6 2. c4 e6 3. Nf3 d5 4. Nc3 Be7 5. cxd5 exd5 6. Bg5 O-O 7. Qc2 c6 8. e3 Re8 9. Bd3 Nbd7 10. O-O Nf8 11. h3 h6 12. Bf4 Bd6 13. Bxd6 Qxd6 14. Ne5 N6d7 15. f4 f6 16. Bg6 Nxg6 17. Qxg6 Qe6 18. Ng4 Kf8 19. Rae1 Qf7 20. Qh7 Qg8 21. Qg6 Qf7 22. Qh7 f5 23. Ne5 Nxe5 24. fxe5 Ke7 25. g4 Rf8 26. e4 dxe4 27. Nxe4 Be6 28. Nd6 Qg8 29. Qxg8 Bxg8 30. Nxf5+ Kd7 31. a3 Bc4 32. Rf2 g6 33. Nxh6 Rh8 34. g5 Rad8 35. Rf4 Be6 36. Re3 Ke7 37. h4 c5 38. dxc5 Rd1+ 39. Kg2 Rd2+ 40. Rf2 Rd4 41. Kg3 Rhd8 42. b4 Rd1 43. Ref3 R8d4 44. Rf4 R4d3+ 45. R2f3 R3d2 46. Rf2 Rd5 47. Rf1 R1d3+ 48. R4f3 R3d4 49. Rf4 Rd2 50. R4f2 R5d3+ 51. Rf3 Rd8 0-1


[Site "https://www.chess.com"]

[Event "Titled Tuesday Blitz November 22 Early 2022"]
[White "Shuvalova, Polina"]
[Black "Storey, Charles H"]
[WhiteFideId "24171760"]
[BlackFideId "406686"]
[WhiteElo "2342"]
[BlackElo "2252"]
[Result "1-0"]
[Round "08"]
[TimeControl "180+1"]
[Date "2022.11.23"]
[WhiteClock "0:00:06"]
[BlackClock "0:00:02"]

1. d4 g6 2. e4 Bg7 3. Nc3 c5 4. Nf3 Qa5 5. Be3 Nf6 6. Qd2 Ng4 7. Be2 Nxe3 8. fxe3 O-O 9. O-O cxd4 10. exd4 Nc6 11. Rad1 d6 12. Nd5 Qxd2 13. Rxd2 Be6 14. Nc7 Rac8 15. Nxe6 fxe6 16. c3 e5 17. Bc4+ Kh8 18. Be6 Rc7 19. d5 Bh6 20. dxc6 Be3+ 21. Rff2 bxc6 22. Kf1 Rb7 23. Bb3 a5 24. Rfe2 Bxd2 25. Rxd2 Rfb8 26. Ke2 c5 27. Ne1 a4 28. Bxa4 Rxb2 29. Bb3 Rb1 30. Nc2 Rf8 31. Ne3 Kg7 32. Kd3 h5 33. Kc2 Rg1 34. a4 h4 35. h3 Rb8 36. Bc4 Ra1 37. Bb5 Rf8 38. Kb2 Rg1 39. a5 Rb8 40. c4 Re1 41. Nd5 Rxe4 42. Kc3 Re1 43. Ra2 Rc1+ 44. Kd2 Rf1 45. Ke2 Rf7 46. a6 e6 47. Nc3 Rbf8 48. Ke3 Ra8 49. Bc6 Raa7 50. Nb5 d5 51. Nxa7 d4+ 52. Ke4 Rxa7 53. Kxe5 Kf7 54. Bb7 Ke7 55. Rf2 g5 56. Rf3 g4 57. hxg4 Kd7 58. Rf7+ Kd8 59. Kxe6 1-0


[Site "https://www.chess.com"]

[Event "Titled Tuesday Blitz November 22 Early 2022"]
[White "Sreyas Payyappat"]
[Black "Zaksaite, Salomeja"]
[WhiteFideId "46674969"]
[BlackFideId "12801496"]
[WhiteElo "2083"]
[BlackElo "2079"]
[Result "1-0"]
[Round "08"]
[TimeControl "180+1"]
[Date "2022.11.23"]
[WhiteClock "0:01:55"]
[BlackClock "0:00:02"]

1. e4 c5 2. Nf3 Nc6 3. d4 cxd4 4. Nxd4 Nf6 5. Nc3 e5 6. Ndb5 d6 7. Bg5 a6 8. Na3 b5 9. Nd5 Be7 10. Bxf6 Bxf6 11. c4 b4 12. Nc2 O-O 13. Ncxb4 Nxb4 14. Nxb4 Qb6 15. Qd2 Rb8 16. Nd5 Qxb2 17. Nxf6+ gxf6 18. Qxb2 Rxb2 19. Bd3 f5 20. exf5 e4 21. Bxe4 Re8 22. f3 Bxf5 23. O-O-O Rxa2 24. Bxf5 Rxg2 25. Rhg1 Rxg1 26. Rxg1+ Kh8 27. Rd1 Re5 28. Be4 Rc5 29. Rxd6 Rxc4+ 30. Kd2 a5 31. Rh6 Kg8 32. Bxh7+ Kg7 33. Bd3 Rf4 34. Rh7+ Kg8 35. Ke3 Rb4 36. Rh5 a4 37. Ra5 Rh4 38. f4 1-0


[Site "https://www.chess.com"]

[Event "Titled Tuesday Blitz November 22 Early 2022"]
[White "Stefanova, Antoaneta"]
[Black "Orzech, Dominik"]
[WhiteFideId "2902257"]
[BlackFideId "1115065"]
[WhiteElo "2426"]
[BlackElo "2272"]
[Result "1-0"]
[Round "08"]
[TimeControl "180+1"]
[Date "2022.11.23"]
[WhiteClock "0:01:00"]
[BlackClock "0:01:20"]

1. c4 Nf6 2. Nc3 c6 3. g3 d5 4. cxd5 cxd5 5. d4 Nc6 6. Bg2 Bf5 7. Nf3 e6 8. O-O Be7 9. Qb3 Na5 10. Qa4+ Nc6 11. Ne5 Qb6 12. Nxc6 bxc6 13. Qd1 O-O 14. Na4 Qb5 15. b3 Ne4 16. Bb2 c5 17. f3 Nf6 18. Nxc5 Bxc5 19. dxc5 Qxc5+ 20. Bd4 Qb5 21. Bxf6 gxf6 22. e4 Bg6 23. exd5 Rad8 24. f4 f5 25. Qd4 exd5 26. Rfe1 Rd7 27. Rad1 Rc8 28. Rd2 Qa5 29. h3 Bh5 30. Kh2 h6 31. b4 Qb5 32. a3 Rc4 33. Re8+ Kh7 34. Rh8+ Kg6 35. Rg8+ Kh7 36. Qg7# 1-0


[Site "https://www.chess.com"]